 Dungeon Crawl Stone Soup version 0.22.0-2-ge58baed0e8 (webtiles) character file.

46 Jannitor the Firebug (level 3, 0/24 HPs)
             Began as a Vampire Fire Elementalist on Aug 13, 2018.
             Slain by a centaur (4 damage)
             ... on level 2 of the Dungeon.
             The game lasted 00:03:03 (1412 turns).

Jannitor the Firebug (Vampire Fire Elementalist)    Turns: 1412, Time: 00:03:03

Health: 0/24       AC:  2    Str:  7    XL:     3   Next: 46%
Magic:  5/6        EV: 12    Int: 18    God:
Gold:   54         SH:  0    Dex: 14    Spells: 2/6 levels left

rFire    + . .     SeeInvis +   k - staff of death
rCold    . . .     Gourm    .   (no shield)
rNeg     + + +     Faith    .   a - +0 robe
rPois    +         Spirit   .   (no helmet)
rElec    .         Reflect  .   (no cloak)
rCorr    .         Harm     .   (no gloves)
MR       .....                  (no boots)
Stlth    +++.......             (no amulet)
HPRegen  0.04/turn              b - ring of fire
MPRegen  0.10/turn              d - ring of positive energy

@: flying, regenerating slowly
A: fangs 3, see invisible, unbreathing
a: Bat Form


You were on level 2 of the Dungeon.
You were near bloodless.

You visited 1 branch of the dungeon, and saw 2 of its levels.

You collected 54 gold pieces.

Inventory:

Armour
 a - a +0 robe (worn)
Magical Staves
 k - an uncursed staff of death (weapon)
Jewellery
 b - a ring of fire (left hand)
 d - a ring of positive energy (right hand)
 n - an uncursed ring of positive energy
Scrolls
 h - a scroll of blinking {unknown}
 l - a scroll of teleportation {unknown}
 m - a scroll of remove curse {unknown}
Potions
 c - 21 potions of blood
 e - a potion of flight
 f - a potion of curing {unknown}
 g - a potion of heal wounds {unknown}
 i - a potion of magic {unknown}
 j - a potion of berserk rage


   Skills:
 - Level 2.1 Dodging
 - Level 3.0 Stealth
 - Level 2.0 Spellcasting
 + Level 0.9 Conjurations
 + Level 3.6 Fire Magic


You had 2 spell levels left.
You knew the following spells:

 Your Spells              Type           Power        Failure   Level  Hunger
a - Flame Tongue          Conj/Fire      ###..        7%          1    #......
b - Conjure Flame         Conj/Fire      ###.....     22%         3    ###....

Your spell library contained the following spells:

 Spells                   Type           Power        Failure   Level  Hunger
 Fireball                 Conj/Fire      ###.......   89%         5    ######.
 Throw Flame              Conj/Fire      ###...       11%         2    ###....
 Sticky Flame             Conj/Fire      ###.....     56%         4    #####..
 Inner Flame              Hex/Fire       ##......     26%         3    ###....


Dungeon Overview and Level Annotations

Branches:
Dungeon (2/15)

Altars:
Fedhas


Innate Abilities, Weirdness & Mutations

You heal slowly.
You have razor-sharp teeth.
You have supernaturally acute eyesight. (SInv)
You can survive without breathing.


Message History

j - 2 smoky orange potions (gained 1)
A centaur comes into view.
The centaur shouts!
A bat comes into view.
There are monsters nearby!
A bat comes into view.
The bat barely misses you. The centaur hits you! The bat hits you.
The centaur hits you.
Found 8 gold pieces.
It was a potion of flight.
You feel very buoyant.
You fly up into the air.
The bat barely misses you. The centaur hits you!
* * * LOW HITPOINT WARNING * * *
The bat hits you.
* * * LOW HITPOINT WARNING * * *
It was a potion of berserk rage.
You feel slightly irritated. The bat barely misses you.
The bat hits you but does no damage.
The centaur hits you but does no damage.
The centaur hits you.
You die...

.. . $. ######## . ..
#......# . #. #......#
### #####.# #......# #..
......b #......# #.#
.......####......#####..
.......@.........'...#..
.....bc####......###.#..
....... #....รท.# #....
....... #......# #....
....... #......# #..#.
....... ######## #..#.
####### #..#. #..## #..#


You could see a centaur and 2 bats.

Vanquished Creatures
  3 dart slugs (D:1)
  A giant cockroach (D:1)
  7 goblins
  10 hobgoblins
  3 jackals (D:1)
  5 bats
  A frilled lizard (D:1)
  3 kobolds
  3 rats (D:2)
36 creatures vanquished.

Notes
Turn   | Place    | Note
-------+----------+-------------------------------------------
     0 | D:1      | Jannitor the Vampire Fire Elementalist began the quest for the Orb.
     0 | D:1      | Reached XP level 1. HP: 13/13 MP: 3/3
   164 | D:1      | Reached XP level 2. HP: 19/19 MP: 1/5
   628 | D:1      | Reached XP level 3. HP: 24/24 MP: 1/6
  1050 | D:2      | Learned a level 3 spell: Conjure Flame
  1312 | D:2      | Found a blossoming altar of Fedhas.
  1409 | D:2      | Noticed a centaur
  1412 | D:2      | Slain by a centaur

Skill      XL: |  1  2 |
---------------+-------+-----
Fire Magic     | 3 |  3.6
Dodging        | |  2.1
Stealth        | |  3.0
Spellcasting   | |  2.0
Conjurations   | |  0.9

Action                   || total
-------------------------++-------
Melee: Unarmed           ||    24
       Bite              ||     3
 Cast: Flame Tongue      ||    52
  Use: Potion            ||     2
Armor: Robe              ||    14
Dodge: Dodged            ||    28
